 Dungeon Crawl Stone Soup version 0.23.2-40-g277498a001 (webtiles) character file.

Game seed: 15250695401916400951

3829 Aggronaut the Grappler (level 10, -3/76 (77) HPs)
             Began as a Ghoul Monk on Oct 22, 2019.
             Was a Priest of Okawaru.
             Slain by a catoblepas (11 damage)
             ... while petrified by you
             ... on level 7 of the Dungeon on Oct 23, 2019.
             The game lasted 00:24:28 (7178 turns).

Aggronaut the Grappler (Ghoul Monk)                 Turns: 7178, Time: 00:24:29

HP:   -3/76 (77)    AC:  8    Str: 19    XL:     10   Next: 17%
MP:   9/9           EV:  2    Int:  5    God:    Okawaru [***...]
Gold: 226           SH:  0    Dex: 11    Spells: 8/9 levels left

rFire    . . .     SeeInvis .     - Unarmed
rCold    + . .     Gourm    .   (no shield)
rNeg     + + +     Faith    .   v - +0 scale mail
rPois    ∞         Spirit   .   s - +0 helmet
rElec    .         Reflect  .   k - +0 cloak
rCorr    .         Harm     .   (no gloves)
MR       .....                  (no boots)
Stlth    ++........             (no amulet)
HPRegen  0.00/turn              q - +6 ring of slaying (curse)
MPRegen  0.11/turn              (no ring)

@: petrified, rotting
A: rotting body, claws 1, carnivore, cold resistance 1, negative energy
resistance 3, inhibited regeneration, torment resistance, unbreathing
a: Heroism, Renounce Religion


You were on level 7 of the Dungeon.
You worshipped Okawaru.
Okawaru was most pleased with you.
You were not hungry.

You visited 2 branches of the dungeon, and saw 8 of its levels.
You also visited: Ossuary.

You collected 343 gold pieces.
You spent 117 gold pieces at shops.

Inventory:

Missiles
 g - 79 poisoned needles
 h - 268 stones (quivered)
 t - 2 throwing nets
Armour
 k - a +0 cloak (worn)
 p - a +0 leather armour
 s - a +0 helmet (worn)
 v - a +0 scale mail (worn)
Jewellery
 q - a cursed +6 ring of slaying (left claw)
Wands
 w - a wand of polymorph (9)
 y - a wand of flame (19)
 B - a wand of scattershot (5)
Scrolls
 c - 2 scrolls of fog
 d - 2 scrolls of magic mapping
 e - 4 scrolls of enchant weapon
 j - 2 scrolls of amnesia
 m - 7 scrolls of remove curse
 o - a scroll of teleportation
 u - 2 scrolls of identify
Potions
 a - 2 potions of magic
 f - 2 potions of flight
 i - a potion of heal wounds
 l - 7 potions of curing
 n - 3 potions of agility
 r - a potion of ambrosia
 x - a potion of haste
 C - a potion of resistance
Comestibles
 b - 15 rations


   Skills:
 - Level 3.2 Fighting
 - Level 5.0 Dodging
 - Level 8.4 Stealth
 * Level 12.8 Unarmed Combat


You had 8 spell levels left.
You knew the following spells:

 Your Spells              Type           Power        Failure   Level  Hunger
a - Confusing Touch       Hex            #.....       86%         1    ##.....

Your spell library contained the following spells:

 Spells                   Type           Power        Failure   Level  Hunger
 Animate Skeleton         Necr           N/A          86%         1    ##.....
 Apportation              Tloc           #.....       86%         1    ##.....
 Summon Small Mammal      Summ           #...         86%         1    ##.....
 Call Imp                 Summ           #.......     95%         2    ###....
 Call Canine Familiar     Summ           #.......     99%         3    ####...
 Summon Guardian Golem    Hex/Summ       #.......     99%         3    ####...
 Summon Ice Beast         Ice/Summ       #.......     100%        4    #####..
 Summon Lightning Spire   Summ/Air       #.......     100%        4    #####..


Dungeon Overview and Level Annotations

Branches:
Dungeon (7/15)             Temple (1/1) D:6

Altars:
Cheibriados
Elyvilon
Fedhas
Gozag
Hepliaklqana
Makhleb
Nemelex Xobeh
Okawaru
Qazlal
Sif Muna
Trog
Uskayaw
Vehumet
Wu Jian
Xom
The Shining One

Shops:
D:4 =   D:5 ?


Innate Abilities, Weirdness & Mutations

Your body is rotting away.
You thrive on raw meat.
You are immune to poison.
You have sharp fingernails.
You are carnivorous and can eat meat at any time.
Your flesh is cold resistant. (rC+)
You are immune to negative energy. (rN+++)
You do not regenerate when monsters are visible.
You are immune to unholy pain and torment.
You can survive without breathing.


Message History

You claw the catoblepas!
The catoblepas is moderately wounded.
You are engulfed in calcifying dust.
You are slowing down.
The catoblepas breathes a plume of calcifying dust at you.
The blast of calcifying dust hits you.
The catoblepas rams the ground with its head heavily.
The catoblepas gores you!!
Your limbs are stiffening.
You scratch the catoblepas.
The catoblepas is moderately wounded.
The catoblepas gores you but does no damage.
You have turned to stone.
The catoblepas gores you!! The catoblepas gores you! The catoblepas gores you!!
* * * LOW HITPOINT WARNING * * *
The catoblepas gores you!!
* * * LOW HITPOINT WARNING * * *
The catoblepas gores you!!
You die...

#...#..##..#....###...###
....#[##..##.###..###...#########
#...###..##### #....###.........#
#...##..## #......###.......#
....#..## #........###.....#
###.#### #..........#.....# # #.#
### #........###.....# ###.# ..#
#......### #.....# ....### #.#
#@Y..### #.##### ###...###
#.###..##### #.# ###.....###
#.#.####..# #.#
>.........####.###D.)}# #.#
..###.#.....###.....#})}# #.#
###.....##....####..###:).#.#####
...........>.....###..# }.#..#...
.......########....#### .#......
.###.................### #......


You could see a catoblepas.

Vanquished Creatures
  The ghost of Boby the Digger, a novice GrEE of Vehumet (D:6)
  A manticore (D:7)
  Grinder (D:6)
  A slime creature (D:7)
  A shadow (D:7)
  Edmund (D:6)
  A black bear (D:7)
  2 phantoms
  2 sky beasts
  An orc warrior (D:6)
  3 bullfrogs
  Blork the orc (D:6)
  A gnoll sergeant (D:5)
  6 water moccasin zombies (Ossuary)
  A centaur zombie (D:6)
  A quasit (D:7)
  4 hounds
  4 orc priests
  Jessica (D:2)
  A gnoll shaman (D:5)
  3 iguanas (D:7)
  Natasha (twice) (D:2)
  5 orc wizards
  4 worker ants
  Terence (D:2)
  A big kobold zombie (Ossuary)
  2 hound skeletons (D:7)
  2 mummies (Ossuary)
  11 gnolls
  7 adders
  2 shadow imps
  An ooze (D:7)
  2 adder skeletons
  7 adder zombies
  3 worms
  2 dart slugs
  3 leopard geckos
  24 orcs
  4 giant cockroaches
  2 gnoll zombies (Ossuary)
  6 goblins
  10 hobgoblins
  A quokka (D:4)
  11 bats
  8 frilled lizards
  3 hobgoblin zombies (Ossuary)
  7 kobolds
  3 kobold zombies (Ossuary)
  A leopard gecko zombie (D:5)
  3 orc zombies (Ossuary)
  2 quokka skeletons
  3 rats
181 creatures vanquished.

Vanquished Creatures (others)
  Natasha (D:2)
  A ball python (D:2)
  A giant cockroach (D:2)
3 creatures vanquished.

Grand Total: 184 creatures vanquished

Notes
Turn   | Place    | Note
-------+----------+-------------------------------------------
     0 | D:1      | Aggronaut the Ghoul Monk began the quest for the Orb.
     0 | D:1      | Reached XP level 1. HP: 19/19 MP: 0/0
   355 | D:1      | Reached XP level 2. HP: 22/26 MP: 1/1
   500 | D:1      | Found a glowing golden altar of the Shining One.
   747 | D:1      | Reached skill level 4 in Unarmed Combat
   747 | D:1      | Reached XP level 3. HP: 29/31 MP: 2/2
   971 | D:2      | Found a radiant altar of Vehumet.
  1076 | D:2      | Found an opulent altar of Gozag.
  1096 | D:2      | Noticed Natasha
  1109 | D:2      | Killed Natasha
  1128 | D:2      | Killed Natasha
  1207 | D:2      | Noticed Jessica
  1214 | D:2      | Killed Jessica
  1214 | D:2      | Reached XP level 4. HP: 34/37 MP: 3/3
  1281 | D:2      | Noticed Terence
  1285 | D:2      | Killed Terence
  1285 | D:2      | Reached XP level 5. HP: 38/45 MP: 4/4
  1328 | D:2      | Reached skill level 5 in Unarmed Combat
  1351 | D:2      | Noticed Natasha
  1360 | D:2      | Killed Natasha
  1501 | D:2      | Found a burning altar of Makhleb.
  1632 | D:3      | Found a hazy altar of Hepliaklqana.
  1635 | D:3      | Found a blossoming altar of Fedhas.
  2120 | D:3      | Found a glowing golden altar of the Shining One.
  2231 | D:3      | Learned a level 1 spell: Confusing Touch
  2432 | D:4      | Reached XP level 6. HP: 51/51 MP: 5/5
  2799 | D:4      | Found Yhacoll's Jewellery Boutique.
  2894 | D:4      | Found a bloodstained altar of Trog.
  2911 | D:4      | Noticed a phantom
  2935 | D:4      | Killed a phantom
  2935 | D:4      | Reached skill level 6 in Unarmed Combat
  3383 | D:5      | Entered Level 5 of the Dungeon
  3397 | D:4      | Reached XP level 7. HP: 46/57 MP: 6/6
  3619 | D:5      | Found Nofuo's Magic Scroll Boutique.
  3639 | D:5      | Bought a scroll of remove curse for 39 gold pieces
  3639 | D:5      | Bought 3 scrolls of identify for 78 gold pieces
  3698 | D:5      | Found a white marble altar of Elyvilon.
  3716 | D:5      | Reached skill level 5 in Stealth
  3718 | D:5      | Reached skill level 7 in Unarmed Combat
  4100 | D:5      | Reached XP level 8. HP: 57/63 MP: 7/7
  4194 | D:5      | Found an ornate altar of the Wu Jian Council.
  4305 | D:6      | Found a runed translucent gate.
  4307 | D:6      | Found a runed translucent gate.
  4308 | D:6      | Found a runed translucent gate.
  4308 | D:6      | Noticed Boby's ghost (novice GrEE)
  4338 | D:6      | Noticed Edmund
  4349 | D:6      | Killed Edmund
  4349 | D:6      | Reached skill level 5 in Dodging
  4374 | D:6      | Found a sand-covered staircase.
  4380 | Ossuary  | Entered an ossuary
  4395 | Ossuary  | Reached skill level 8 in Unarmed Combat
  4611 | Ossuary  | Reached skill level 9 in Unarmed Combat
  4949 | D:6      | Noticed Grinder
  4965 | D:6      | Killed Grinder
  4965 | D:6      | Reached XP level 9. HP: 70/70 MP: 8/8
  5086 | D:6      | Noticed Blork the orc
  5091 | D:6      | Killed Blork the orc
  5091 | D:6      | Reached skill level 10 in Unarmed Combat
  5101 | D:6      | Found a deep blue altar of Sif Muna.
  5129 | D:6      | Found a staircase to the Ecumenical Temple.
  5136 | Temple   | Entered the Ecumenical Temple
  5196 | Temple   | Became a worshipper of Warmaster Okawaru
  5196 | Temple   | Reached * piety under Okawaru
  5196 | Temple   | Reached ** piety under Okawaru
  5572 | D:6      | Killed Boby's ghost
  5773 | D:7      | Reached *** piety under Okawaru
  5773 | D:7      | Reached skill level 11 in Unarmed Combat
  5908 | D:7      | Found a stormy altar of Qazlal.
  6105 | D:7      | Noticed a manticore
  6114 | D:7      | Killed a manticore
  6114 | D:7      | Reached skill level 12 in Unarmed Combat
  6114 | D:7      | Reached XP level 10. HP: 58/76 MP: 9/9
  6120 | D:7      | Noticed a five-headed hydra
  6580 | D:7      | Found a shimmering altar of Xom.
  6763 | D:7      | HP: 2/77 [five-headed hydra (11)]
  7166 | D:7      | Noticed a catoblepas
  7166 | D:7      | a five-headed hydra changed into a catoblepas
  7178 | D:7      | Slain by a catoblepas

Skill      XL: |  1  2  3  4  5  6  7  8  9 |
---------------+----------------------------+-----
Unarmed Combat | 4 5 6 7 9 12 | 12.8
Dodging        | 3 4 5 |  5.0
Stealth        | 3 4 5 7 8 |  8.4
Fighting       | |  3.2

Action                   |  1- 3 |  4- 6 |  7- 9 | 10-12 || total
-------------------------+-------+-------+-------+-------++-------
Melee: Unarmed           |    75 |   124 |   306 |    28 ||   533
       Punch             |       |     1 |    13 |     4 ||    18
Throw: Stone             |       |     3 |       |       ||     3
Invok: Heroism           |       |       |     1 |     1 ||     2
Evoke: Wand              |       |       |       |     2 ||     2
  Use: Scroll            |       |    10 |     4 |     6 ||    20
       Potion            |       |       |     2 |     1 ||     3
 Stab: Sleeping          |     6 |     5 |     5 |     2 ||    18
  Eat: Chunk             |     7 |     7 |    15 |     3 ||    32
       Ration            |       |       |       |     1 ||     1
Armor: Robe              |    18 |    21 |       |       ||    39
       Scale mail        |       |    14 |   106 |    10 ||   130
       Leather armour    |       |     5 |       |       ||     5
Dodge: Dodged            |    47 |    85 |   114 |    16 ||   262
